 Dungeon Crawl Stone Soup version 0.25-a0-577-ga4619f409e (webtiles) character file.

Game seed: 9969380289328886444, levelgen mode: deterministic

53006 Flugslaktarn the Severer (level 14, -8/127 HPs)
             Began as a Minotaur Fighter on Mar 2, 2020.
             Was a High Priest of Makhleb.
             Shot with an arrow by Vashnia (14 damage)
             ... on level 2 of the Snake Pit.
             The game lasted 00:09:59 (17851 turns).

Flugslaktarn the Severer (Minotaur Fighter)        Turns: 17851, Time: 00:09:59

Health: -8/127     AC: 30    Str: 27    XL:     14   Next: 29%
Magic:  0/19       EV:  7    Int:  5    God:    Makhleb [*****.]
Gold:   1275       SH: 17    Dex:  9    Spells: 13/13 levels left

rFire    . . .     SeeInvis .   N - +0 broad axe
rCold    + . .     Gourm    .   c - +0 kite shield
rNeg     . . .     Faith    .   O - +1 plate armour {rC+}
rPois    +         Spirit   +   l - +2 hat
rElec    .         Reflect  .   k - scarf {Spirit}
rCorr    .         Harm     .   B - +2 pair of gloves
MR       +....                  v - +1 pair of boots
Stlth    ..........             (no amulet)
HPRegen  0.31/turn              o - ring of poison resistance
MPRegen  0.16/turn              p - +5 ring of protection

@: no status effects
A: retaliatory headbutt, horns 2, large bone plates 1, camouflage 1, wild magic
1
a: Minor Destruction, Lesser Servant of Makhleb, Major Destruction, Greater
Servant of Makhleb, Renounce Religion


You were on level 2 of the Snake Pit.
You worshipped Makhleb.
Makhleb was extremely pleased with you.
You were hungry.

You visited 4 branches of the dungeon, and saw 20 of its levels.

You collected 1275 gold pieces.

Inventory:

Hand Weapons
 a - a +1 war axe
 N - a +0 broad axe (weapon)
   (You found it on level 4 of the Lair of Beasts)
Missiles
 u - 9 throwing nets (quivered)
Armour
 c - a +0 kite shield (worn)
 k - a scarf of spirit shield (worn)
   (You found it on level 3 of the Dungeon)
 l - a +2 hat (worn)
   (You found it on level 2 of the Lair of Beasts)
 v - a +1 pair of boots (worn)
   (You found it on level 5 of the Dungeon)
 B - a +2 pair of gloves (worn)
   (You found it on level 6 of the Dungeon)
 M - a +0 cloak
   (You found it on level 4 of the Dungeon)
 O - a +1 plate armour of cold resistance (worn)
   (You found it on level 6 of the Lair of Beasts)
 R - a scarf of resistance
   (You found it on level 6 of the Lair of Beasts)
Jewellery
 f - an uncursed ring of protection from fire
   (You found it on level 8 of the Dungeon)
 i - an uncursed ring of see invisible
   (You found it on level 7 of the Dungeon)
 j - a +2 ring of slaying
   (You found it on level 4 of the Dungeon)
 m - an uncursed ring of protection from magic
   (You found it on level 6 of the Dungeon)
 o - a ring of poison resistance (left hand)
   (You found it on level 2 of the Lair of Beasts)
 p - a +5 ring of protection (right hand)
   (You found it on level 4 of the Dungeon)
 Q - an uncursed amulet of harm
   (You found it on level 1 of the Lair of Beasts)
Wands
 b - a wand of iceblast (9)
   (You took it off Sonja on level 2 of the Lair of Beasts)
 y - a wand of paralysis (11)
   (You found it on level 6 of the Dungeon)
 F - a wand of acid (9)
   (You found it on level 7 of the Dungeon)
 G - a wand of scattershot (4)
   (You found it on level 3 of the Lair of Beasts)
Scrolls
 n - 2 scrolls of enchant weapon
 r - 4 scrolls of identify
 t - 6 scrolls of teleportation
 x - 4 scrolls of remove curse
 H - a scroll of immolation
 I - a scroll of fear
 L - a scroll of vulnerability
 P - a scroll of enchant armour
Potions
 d - 4 potions of might
 g - 2 potions of invisibility
 h - 3 potions of haste
 q - 5 potions of curing
 z - a potion of ambrosia
 A - a potion of stabbing
 C - 3 potions of brilliance
 D - 4 potions of magic
 E - 2 potions of cancellation
 K - a potion of lignification
Miscellaneous
 J - a lamp of fire
   (You found it on level 4 of the Lair of Beasts)
Comestibles
 e - 26 rations
 s - 2 chunks of flesh


   Skills:
 + Level 12.9 Fighting
 * Level 17.1 Axes
 + Level 12.9 Armour
 + Level 13.0 Shields
 + Level 9.0 Invocations


You had 13 spell levels left.
You didn't know any spells.
Your spell library was empty.

Dungeon Overview and Level Annotations

Branches:
Dungeon (11/15)            Temple (1/1) D:7            Lair (6/6) D:11
 Shoals (0/4) Lair:4        Snake (2/4) Lair:2        Slime (0/5) Lair:6
    Orc: D:9-12

Altars:
Ashenzari
Dithmenos
Fedhas
Gozag
Kikubaaqudgha
Makhleb
Okawaru
Ru
Sif Muna
Trog
Uskayaw
Vehumet
Wu Jian
Xom
Yredelemnul
Zin
The Shining One

Shops:
D:5 [(   D:7 }

Annotations:
D:11 3 runed translucent doors, EnegeticOcto's ghost, journeyman DDFi
Lair:3 exclusion: 2 oklob plants
Lair:4 2 runed translucent doors, exclusion: 2 oklob plants, Qiclaph's ghost, journeyman MiBe
Snake:2 Louise; Vashnia


Innate Abilities, Weirdness & Mutations

You reflexively headbutt those who attack you in melee.
You have a pair of horns on your head.
You are partially covered in large bone plates. (SH +4)
Your skin changes colour to match your surroundings (Stealth+).
Your spells are a little harder to cast, but a little more powerful.


Message History

* * * LOW HITPOINT WARNING * * *
The naga sharpshooter casts a spell.
The naga sharpshooter magically shoots an arrow.
The arrow hits you but does no damage. You block the black mamba's attack.
Vashnia shoots an arrow.
The arrow hits you but does no damage.
The nagaraja hits you from afar with a +0 halberd!
* * * LOW HITPOINT WARNING * * *
You feel better. You block the black mamba's attack.
The naga sharpshooter shoots an arrow.
The arrow hits you.
* * * LOW HITPOINT WARNING * * *
You block Louise's attack.
The naga warrior hits you but does no damage.
The naga sharpshooter casts a spell.
The naga sharpshooter magically shoots a bolt.
You block the bolt. The black mamba bites you.
* * * LOW HITPOINT WARNING * * *
The nagaraja completely misses you.
Vashnia gestures wildly while chanting.
Vashnia magically shoots an arrow.
The arrow hits you!
You die...

##(. #.....).##
##. ##.......##
# ###†.....##
#........#
#.........##
##......NN.##
##...N.NNN.#
...##...##NS.##
...##..##@...#
.$######†...#
#..# #.#@...##
#... #.......#
#.. ##)†....#
#)###..#N..#
#..##(.#...#
#..#..###..#
#...##..#..##


You could see Vashnia, Louise, a naga warrior, a nagaraja, 3 naga sharpshooters,
a salamander and a black mamba.

Vanquished Creatures
  5 hydras
  Fannar (Lair:2)
  2 naga warriors
  A catoblepas (Lair:6)
  An anaconda (Snake:2)
  A deep troll shaman (Lair:6)
  5 death yaks (Lair:6)
  A naga sharpshooter (Snake:2)
  2 shock serpents (Snake:1)
  Sonja (Lair:2)
  A fire crab (Lair:6)
  A naga ritualist (Snake:2)
  2 mana vipers (Snake:2)
  2 phantasmal warriors (D:11)
  A deep elf mage (D:8)
  A manticore (Lair:4)
  A centaur zombie (D:10)
  2 naga magi
  15 black mambas
  A salamander (Snake:2)
  5 elephants
  A guardian serpent (Snake:2)
  10 spiny frogs
  A freezing wraith (D:11)
  2 rime drakes (Lair:1)
  8 komodo dragons
  A troll (D:10)
  A hornet (D:7)
  9 hippogriffs
  3 slime creatures (Lair:6)
  5 blink frogs (Lair:6)
  6 spriggans
  6 wyverns
  4 basilisks
  11 yaks
  Grum (D:9)
  11 nagas
  A hungry ghost (D:11)
  3 wargs
  Edmund (D:5)
  A floating eye (Lair:4)
  5 black bears
  10 water moccasins
  6 porcupines
  5 ice beasts
  3 phantoms
  A sky beast (D:7)
  A necrophage (D:10)
  5 orc warriors
  41 wolves
  3 ogres
  2 centaurs (D:9)
  7 crocodiles
  3 big kobolds
  11 bullfrogs
  5 gnoll sergeants
  A scorpion (D:6)
  6 killer bees (D:10)
  4 wights (D:6)
  5 howler monkeys (D:10)
  3 electric eels (D:9)
  4 crimson imps
  2 bullfrog zombies
  7 hounds
  12 orc priests
  3 bullfrog skeletons
  2 centaur skeletons
  14 orc wizards
  Crazy Yiuf (D:6)
  2 gnoll shamans (D:5)
  6 jellies
  5 iguanas
  Jessica (D:2)
  Ijyb (D:5)
  6 worker ants
  2 killer bee zombies
  2 hound zombies
  A hound skeleton (D:10)
  13 adders
  30 gnolls
  A shadow imp (D:5)
  An adder zombie (D:7)
  An adder skeleton (D:6)
  A worm (D:3)
  A dart slug (D:3)
  5 leopard geckos
  35 orcs
  3 giant cockroaches
  3 goblins
  4 hobgoblins (D:3)
  3 jackals (D:5)
  11 kobolds
  5 quokkas
  3 rats (D:3)
  A fungus (Lair:4)
  2 plants (Lair:6)
459 creatures vanquished.

Vanquished Creatures (collateral kills)
  2 hydras
  A rime drake (Lair:6)
  A crocodile (Lair:6)
4 creatures vanquished.

Vanquished Creatures (others)
  2 orcs (D:9)
  A fungus (Lair:4)
  3 plants
6 creatures vanquished.

Grand Total: 469 creatures vanquished

Notes
Turn   | Place    | Note
-------+----------+-------------------------------------------
     0 | D:1      | Flugslaktarn the Minotaur Fighter began the quest for the
                  | Orb.
     0 | D:1      | Reached XP level 1. HP: 19/19 MP: 0/0
    44 | D:2      | Noticed Jessica
    49 | D:2      | Killed Jessica
    49 | D:2      | Reached skill level 3 in Axes
    49 | D:2      | Reached XP level 2. HP: 27/27 MP: 1/1
   102 | D:2      | Reached XP level 3. HP: 31/33 MP: 2/2
   368 | D:3      | Reached XP level 4. HP: 37/40 MP: 3/3
   454 | D:3      | Found a shadowy altar of Dithmenos.
   466 | D:3      | Reached skill level 4 in Axes
   469 | D:3      | Reached XP level 5. HP: 15/47 MP: 4/4
   986 | D:3      | Found a shimmering altar of Xom.
  1266 | D:4      | Reached skill level 5 in Axes
  1444 | D:4      | Reached XP level 6. HP: 47/55 MP: 5/5
  1612 | D:4      | Reached skill level 5 in Fighting
  1612 | D:4      | Reached skill level 5 in Armour
  1612 | D:4      | Reached skill level 5 in Shields
  1744 | D:5      | Entered Level 5 of the Dungeon
  1820 | D:5      | Noticed an ice beast
  1836 | D:5      | Killed an ice beast
  1836 | D:5      | Reached skill level 6 in Axes
  1860 | D:5      | Reached XP level 7. HP: 26/61 MP: 6/6
  2163 | D:5      | Noticed Ijyb
  2172 | D:5      | Killed Ijyb
  2347 | D:5      | Noticed a hippogriff
  2361 | D:5      | Killed a hippogriff
  2446 | D:5      | Reached skill level 7 in Axes
  2710 | D:5      | Found Uhyedy's Armour Boutique.
  2743 | D:5      | Noticed Edmund
  2750 | D:5      | Reached XP level 8. HP: 56/70 MP: 4/7
  2761 | D:5      | Killed Edmund
  2892 | D:5      | Reached skill level 8 in Axes
  3241 | D:5      | Found Pikkefuh's Antique Weapon Shoppe.
  3291 | D:5      | Found a hide-covered altar of Uskayaw.
  3334 | D:5      | Found a basalt altar of Yredelemnul.
  4030 | D:6      | Reached skill level 9 in Axes
  4121 | D:6      | Reached XP level 9. HP: 69/79 MP: 6/8
  4696 | D:6      | Found a glowing golden altar of the Shining One.
  5012 | D:6      | Found a runed translucent door.
  5013 | D:6      | Noticed Crazy Yiuf
  5101 | D:6      | Killed Crazy Yiuf
  5166 | D:7      | Reached skill level 10 in Axes
  5330 | D:7      | Found Yneumas's Gadget Shoppe.
  5346 | D:7      | Found an opulent altar of Gozag.
  5346 | D:7      | Found a sacrificial altar of Ru.
  5347 | D:7      | Found a glowing golden altar of the Shining One.
  5363 | D:7      | Found an iron altar of Okawaru.
  5374 | D:7      | Found a shimmering blue altar of Sif Muna.
  5407 | D:7      | Found a staircase to the Ecumenical Temple.
  5413 | Temple   | Entered the Ecumenical Temple
  5469 | Temple   | Became a worshipper of Makhleb the Destroyer
  5541 | D:7      | Reached skill level 1 in Invocations
  5912 | D:7      | Found an ornate altar of the Wu Jian Council.
  6167 | D:8      | Found a bloodstained altar of Trog.
  6556 | D:8      | Found an ancient bone altar of Kikubaaqudgha.
  6556 | D:8      | Noticed a deep elf mage
  6564 | D:8      | Noticed a red devil
  6566 | D:8      | Killed a deep elf mage
  6566 | D:8      | Reached skill level 11 in Axes
  6566 | D:8      | Reached XP level 10. HP: 78/90 MP: 8/10
  6965 | D:9      | Reached * piety under Makhleb
  7121 | D:9      | Noticed Grum
  7138 | D:9      | Killed Grum
  7767 | D:10     | Entered Level 10 of the Dungeon
  7851 | D:10     | Reached skill level 12 in Axes
  7859 | D:10     | Reached ** piety under Makhleb
  8145 | D:10     | Found a sacrificial altar of Ru.
  8419 | D:10     | Reached XP level 11. HP: 97/97 MP: 13/13
  8720 | D:11     | Found a runed translucent gate.
  8720 | D:11     | Found a runed translucent gate.
  8720 | D:11     | Found a runed translucent gate.
  8720 | D:11     | Noticed EnegeticOcto's ghost (journeyman DDFi)
  8725 | D:11     | Noticed a stone giant
  8727 | D:11     | Reached *** piety under Makhleb
  8909 | D:11     | Noticed a phantasmal warrior
  8909 | D:11     | Noticed a phantasmal warrior
  8921 | D:11     | Killed a phantasmal warrior
  8933 | D:11     | Killed a phantasmal warrior
  9286 | D:11     | Noticed a death knight
  9286 | D:11     | Noticed a skeletal warrior
  9361 | D:11     | Found a staircase to the Lair.
  9651 | D:11     | Reached skill level 13 in Axes
  9651 | D:11     | Reached skill level 10 in Shields
  9675 | Lair:1   | Entered Level 1 of the Lair of Beasts
 10041 | Lair:1   | Reached skill level 10 in Armour
 10050 | Lair:1   | Reached skill level 10 in Fighting
 10052 | Lair:1   | Reached skill level 5 in Invocations
 10109 | Lair:1   | Reached **** piety under Makhleb
 10727 | Lair:1   | Reached XP level 12. HP: 107/107 MP: 15/15
 11124 | Lair:2   | Noticed Fannar
 11136 | Lair:2   | Killed Fannar
 11136 | Lair:2   | Reached skill level 14 in Axes
 11322 | Lair:2   | Found a staircase to the Snake Pit.
 11526 | Lair:2   | Noticed Sonja
 11541 | Lair:2   | Killed Sonja
 13001 | Lair:3   | Noticed a seven-headed hydra
 13019 | Lair:3   | Killed an 11-headed hydra
 13019 | Lair:3   | Reached skill level 15 in Axes
 13647 | Lair:4   | Reached ***** piety under Makhleb
 13762 | Lair:4   | Noticed an eight-headed hydra
 13767 | Lair:4   | Killed a 12-headed hydra
 13979 | Lair:4   | Paralysed by a floating eye for 3 turns
 14179 | Lair:4   | Found a staircase to the Shoals.
 14189 | Lair:4   | Reached XP level 13. HP: 95/116 MP: 9/17
 14582 | Lair:4   | Found a large runed translucent door.
 14582 | Lair:4   | Found a large runed translucent door.
 14586 | Lair:4   | Noticed Qiclaph's ghost (journeyman MiBe)
 15423 | Lair:6   | Entered Level 6 of the Lair of Beasts
 15638 | Lair:6   | Found a staircase to the Slime Pits.
 15939 | Lair:6   | Reached skill level 16 in Axes
 16639 | Lair:6   | Gained mutation: Your spells are a little harder to cast,
                  | but a little more powerful. [potion of mutation]
 16639 | Lair:6   | Gained mutation: Scrolls take you a little longer to read.
                  | [potion of mutation]
 16639 | Lair:6   | Gained mutation: You are agile. (Dex +2) [potion of
                  | mutation]
 16639 | Lair:6   | Gained mutation: You expend magic power (3 MP) to
                  | strengthen your wands. [potion of mutation]
 16640 | Lair:6   | Lost mutation: Scrolls take you a little longer to read.
                  | [potion of mutation]
 16640 | Lair:6   | Lost mutation: You are agile. (Dex +2) [potion of mutation]
 16640 | Lair:6   | Lost mutation: You expend magic power (3 MP) to strengthen
                  | your wands. [potion of mutation]
 16640 | Lair:6   | Gained mutation: Your skin changes colour to match your
                  | surroundings (Stealth+). [potion of mutation]
 16640 | Lair:6   | Gained mutation: You are partially covered in large bone
                  | plates. (SH +4) [potion of mutation]
 16916 | Snake:1  | Entered Level 1 of the Snake Pit
 17211 | Snake:1  | Reached XP level 14. HP: 127/127 MP: 19/19
 17727 | Snake:2  | Reached skill level 17 in Axes
 17827 | Snake:2  | Noticed Vashnia
 17830 | Snake:2  | Identified the +6 mace "Blob" {drain, rN+++ MP+9 Stlth-}
 17833 | Snake:2  | Noticed Louise
 17840 | Snake:2  | Noticed a nagaraja
 17851 | Snake:2  | HP: 6/127 [black mamba (5)]
 17851 | Snake:2  | Shot with an arrow by Vashnia

Levels and vault maps discovered:
D:1:      giann_bridges, layout_basic
D:2:      layout_loops_cross, lemuel_doored_altar, uniq_jessica
D:3:      layout_loops_cross, xom_butterflies, nicolae_dithmenos_shadow_blocks,
          kennysheep_donut
D:4:      layout_cave_pools, first_ration
D:5:      layout_cave_pools, kennysheep_mini_moat, lemuel_round_altar,
          serial_gnoll_camp, gnoll_camp_huts_basic, gnoll_camp_mini_shop,
          gnoll_camp_mini_loothouse, gnoll_camp_mini_sergeant,
          gnoll_camp_mini_shop, gnoll_camp_medium_02, uniq_edmund, uniq_ijyb
D:6:      layout_loops_corners, basic_altar, kennysheep_generic_room_8,
          uniq_crazy_yiuf_cottage
D:7:      wad_crossroads, layout_cave_pools, old_standard_altar,
          okawaru_ov_weapons_minmay, gammafunk_temple_overflow_claw,
          minmay_temple_entry_butterflies, serial_shops, shop, basic_altar,
          the_bakery
D:8:      layout_cave_pools, old_standard_altar, dk_noncrumbling_3,
          serial_park_tiny_1, nicolae_benzene_ring, david_defended_altar_elf
D:9:      layout_roguey, kennysheep_boxes, uniq_grum
D:10:     layout_loops_cross, basic_altar
D:11:     layout_basic, erik_lair_orcish_takeover, serial_shops,
          kennysheep_mini, nicolae_trove_entry_crossroad, gammafunk_ghost_split,
          bh_walls_and_bars
Temple:   bh_familiar_temple
Lair:1:   layout_hall_layers, portal_ice_cave_rime,
          chequers_serial_rivers_marsh, st_stairs_7,
          grunt_forest_large_clearings
Lair:2:   layout_hall_layers, minmay_snake_entry_guardpost_medium, wad_woods_01,
          uniq_sonja, uniq_fannar
Lair:3:   layout_roguey, minmay_lair_oklob_chamber
Lair:4:   layout_small_grid, minmay_shoals_entry_beasts,
          ebering_ghost_disaster_area, disabler_island
Lair:5:   layout_hall_layers
Lair:6:   grunt_lair_end_beastmaster, layout_hall_layers,
          minmay_slime_entry_pillars
Snake:1:  layout_chambers, serial_shops, shop_statue
Snake:2:  layout_onion_interference, uniq_louise, uniq_vashnia

Skill      XL: |  1  2  3  4  5  6  7  8  9 10 11 12 13 14 |
---------------+-------------------------------------------+-----
Axes           | 3 4 5 6 7 9 11 12 13 15 16 17 | 17.1
Armour         | 4 5 6 7 8 9 10 11 12 | 12.9
Fighting       | 4 5 6 7 8 9 10 11 12 | 12.9
Shields        | 4 5 6 7 8 9 10 11 12 13 | 13.0
Invocations    | 2 4 5 7 8 9 |  9.0

Action                   |  1- 3 |  4- 6 |  7- 9 | 10-12 | 13-15 || total
-------------------------+-------+-------+-------+-------+-------++-------
Melee: War axe           |    56 |   133 |   356 |   712 |    30 ||  1287
       Headbutt          |    10 |    26 |    73 |   150 |   109 ||   368
       Broad axe         |       |       |       |       |   413 ||   413
Invok: Lesser Servant of |       |       |       |     1 |     8 ||     9
Evoke: Wand              |       |       |       |     3 |     1 ||     4
  Use: Scroll            |       |       |       |    16 |     9 ||    25
       Potion            |       |       |       |       |     5 ||     5
 Stab: Paralysed         |       |       |       |     2 |       ||     2
       Petrified         |       |       |       |       |    22 ||    22
       Petrifying        |       |       |       |       |     1 ||     1
  Eat: Chunk             |       |     3 |     9 |    18 |     6 ||    36
       Ration            |       |       |     2 |     2 |     2 ||     6
Armor: Plate armour      |    21 |    83 |   316 |   446 |   334 ||  1200
       Scale mail        |     2 |       |       |       |       ||     2
Dodge: Dodged            |    10 |    23 |    94 |   187 |    99 ||   413
Block: Kite shield       |    31 |    86 |   221 |   496 |   362 ||  1196

Table legend:
 A = Non-vault XP
 B = Vault XP
 C = Vault XP percentage of total XP
 D = Non-vault monster count
 E = Vault monster count
 F = Vault count percentage of total count
                 A         B        C        D         E       F
            +---------+---------+-------+---------+---------+-------
      Total |   51977 |   23746 |  31.4 |     322 |     138 |  30.0
            +---------+---------+-------+---------+---------+-------
        D:1 |       2 |       0 |   0.0 |       1 |       0 |   0.0
        D:2 |       2 |      37 |  94.9 |       1 |       1 |  50.0
        D:3 |     187 |       0 |   0.0 |      29 |       0 |   0.0
        D:4 |     268 |       0 |   0.0 |      10 |       0 |   0.0
        D:5 |     629 |    1272 |  66.9 |      10 |      42 |  80.8
        D:6 |    1168 |      40 |   3.3 |      29 |       1 |   3.3
        D:7 |     977 |     575 |  37.0 |      17 |       4 |  19.0
        D:8 |     278 |     563 |  66.9 |       7 |       1 |  12.5
        D:9 |    1591 |     401 |  20.1 |      27 |       3 |  10.0
       D:10 |    3816 |     161 |   4.0 |      56 |       1 |   1.8
       D:11 |    2404 |     493 |  17.0 |      17 |       8 |  32.0
     Lair:1 |    1930 |    5485 |  74.0 |       9 |      38 |  80.9
     Lair:2 |    2288 |    3671 |  61.6 |      12 |      12 |  50.0
     Lair:3 |    5459 |     149 |   2.7 |      17 |       1 |   5.6
     Lair:4 |    6038 |     940 |  13.5 |      21 |       3 |  12.5
     Lair:5 |    2061 |       0 |   0.0 |       4 |       0 |   0.0
     Lair:6 |    8635 |    9959 |  53.6 |      27 |      23 |  46.0
    Snake:1 |    4838 |       0 |   0.0 |      11 |       0 |   0.0
    Snake:2 |    9406 |       0 |   0.0 |      17 |       0 |   0.0
            +---------+---------+-------+---------+---------+-------
